 Dungeon Crawl Stone Soup version 0.23.1-41-g7e51ed32d8 (webtiles) character file.

Game seed: 12394898880858610217

50 PentaManta the Slasher (level 3, -6/26 HPs)
             Began as an Octopode Fighter on Mar 29, 2019.
             Killed by divine providence
             ... invoked by an orc priest
              (11 damage)
             ... on level 2 of the Dungeon.
             The game lasted 00:03:22 (1247 turns).

PentaManta the Slasher (Octopode Fighter)           Turns: 1247, Time: 00:03:22

Health: -6/26      AC:  1    Str: 15    XL:     3   Next: 79%
Magic:  3/3        EV: 11    Int: 10    God:
Gold:   27         SH:  8    Dex: 12    Spells: 2/2 levels left

rFire    . . .     SeeInvis .   a - +0 long sword
rCold    . . .     Gourm    .   b - +0 shield
rNeg     . . .     Faith    .   (helmet restricted)
rPois    .         Spirit   .   (no amulet)
rElec    .         Reflect  .   (no ring)
rCorr    .         Harm     .   (no ring)
MR       .....                  (no ring)
Stlth    ++........             (no ring)
HPRegen  0.08/turn              (no ring)
MPRegen  0.08/turn              (no ring)
                                (no ring)
                                (no ring)

@: no status effects
A: almost no armour, stealthy swim, amphibious, 8 rings, constrict 8, camouflage
1, gelatinous body 1
a: no special abilities


You were on level 2 of the Dungeon.
You were very hungry.

You visited 1 branch of the dungeon, and saw 2 of its levels.

You collected 27 gold pieces.

Inventory:

Hand Weapons
 a - a +0 long sword (weapon)
Armour
 b - a +0 shield (worn)
Scrolls
 e - a scroll of teleportation {unknown}
 f - a scroll of fog {unknown}
 h - 3 scrolls of identify {unknown}
 i - a scroll of enchant armour {unknown}
 k - a scroll of magic mapping {unknown}
Potions
 c - a potion of might
 g - a potion of heal wounds {unknown}
 j - a potion of haste {unknown}
Comestibles
 d - 5 rations


   Skills:
 + Level 3.4 Fighting
 + Level 3.5 Long Blades
 - Level 3.0 Dodging
 - Level 0.2 Stealth
 - Level 3.0 Shields


You had 2 spell levels left.
You didn't know any spells.
Your spell library was empty.

Dungeon Overview and Level Annotations

Branches:
Dungeon (2/15)

Altars:


Innate Abilities, Weirdness & Mutations

You cannot wear most types of armour.
You are very stealthy in the water. (Stealth+)
You are amphibious.
You can wear up to eight rings at the same time.
You can use your tentacles to constrict eight enemies at once.
Your skin changes colour to match your surroundings (Stealth+).
Your rubbery body absorbs attacks. (AC +1, EV +1)


Message History

An orc priest comes into view. It is wielding a +0 club.
An orc comes into view. It is wielding a +0 trident.
The orc moves out of view.
You closely miss the orc.
The orc priest shouts!
You grab the orc. You squeeze the orc.
The orc is almost dead.
You constrict the orc.
You kill the orc!
The orc barely misses you.
The orc warrior throws a tomahawk.
The tomahawk hits you!
You see here a tomahawk.
The orc priest invokes the aid of Beogh against you.
Beogh smites you!
Ouch! That really hurt!
* * * LOW HITPOINT WARNING * * *
You hear a shout!
The orc priest calls down the wrath of Beogh upon you.
Beogh smites you!
You die...

.......o..........#
.####..o#.# ....$# ..
........#.# .##..###.#.#
#####...#.###.##....#...#
........(.o.#.##.##.##..#.#
####.#..#.#.#.....††.......
...##.###.#.##.#.###.####
### #..##.#.##.#w###...####
##.##.@.##.#...........
##..###.##.#####..#####
#.....(.##.#####..#
#.#.######.......## #.#.#
#.####### # #.#.# #.....# #
#.#.# #.###.##### # #.#..
#.# #.....# ###########.##.
#.# #####.#


You could see an orc priest.

Vanquished Creatures
  A gnoll (D:1)
  2 oozes (D:1)
  A worm (D:2)
  A dart slug (D:2)
  An orc (D:2)
  5 bats
  3 hobgoblins
  6 kobolds
  A frilled lizard (D:1)
  3 goblins
  4 rats
28 creatures vanquished.

Notes
Turn   | Place    | Note
-------+----------+-------------------------------------------
     0 | D:1      | PentaManta the Octopode Fighter began the quest for the
                  | Orb.
     0 | D:1      | Reached XP level 1. HP: 16/16 MP: 1/1
     7 | D:1      | Reached XP level 2. HP: 21/21 MP: 2/2
   287 | D:1      | Reached XP level 3. HP: 21/26 MP: 3/3
  1235 | D:2      | Noticed an orc warrior
  1247 | D:2      | Killed from afar by an orc priest

Skill      XL: |  1  2 |
---------------+-------+-----
Long Blades    | 3 |  3.5
Fighting       | |  3.4
Dodging        | |  3.0
Stealth        | |  0.2
Shields        | |  3.0

Action                   || total
-------------------------++-------
Melee: Long sword        ||    52
       Constrict         ||    17
       Tentacles         ||     8
 Stab: Sleeping          ||     6
       Distracted        ||     1
Armor: Skin              ||     5
Dodge: Dodged            ||    23
Block: Shield            ||    26
       Rpst.: Long sword ||     8
